AoeStats
← Chiripa605

Lombardia

508483167Analyzed
4v4 RM · 9d ago on Sep 22, 2026· 15m 14s· 8 players
Game mode
Random Map
Map size
Large (8 player)
Population
200
Speed
Normal
Resources
Standard
Victory
Conquest
Starting age
Dark Age
Ending age
Imperial Age
RankedLock teamsTeams togetherTeam positionsShared explorationLock speedFull tech treeHidden civsTurbo modeCheats
Victory
Defeat
🇮🇳 Malay · India
1635
+4
🇨🇳 Britons · China
1512
+7
🇨🇳 Persians · China
1506
+7
🇲🇽 Magyars · Mexico
1441
+9
🇧🇷 Spanish · Brazil
1370
-9
🇺🇸 Hindustanis · United States
1358
-8
🇨🇳 Maya · China
1308
-7
🇹🇷 Sicilians · Türkiye
1141
-3
EL MAYA
10:02 Feudal Age
12:31 Scale Barding Armor
13:33 Bloodlines
14:07 Double-Bit Axe
梅子雨
6:51 Loom
10:10 Feudal Age
16:05 Castle Age
14:27 Double-Bit Axe
14:44 Horse Collar
超级硬邦邦
10:38 Feudal Age
9:38 Loom
12:19 Double-Bit Axe
15:05 Castle Age
14:24 Fletching
Viper
5:15 Loom
6:09 Loom
8:32 Feudal Age
8:13 Double-Bit Axe
8:13 Horse Collar
17:47 Castle Age
Chiripa605
5:08 Loom
10:14 Feudal Age
10:49 Double-Bit Axe
ChuckMawHinneyS
8:04 Loom
10:55 Feudal Age
11:42 Double-Bit Axe
Julio2
10:57 Feudal Age
14:34 Castle Age
13:15 Double-Bit Axe
13:20 Stone Mining
13:37 Horse Collar
14:28 Gold Mining
16:11 Wheelbarrow
LUPIN IV
0:28 Loom
11:37 Feudal Age
15:30 Castle Age
13:57 Double-Bit Axe
Connection lost

Rejoining the realm…

Still unreachable

The connection could not be restored.

Session expired

The server has moved on; the page needs a fresh start.